 Dungeon Crawl Stone Soup version 0.21.1-1-g345015fe64 (webtiles) character file.

317 Ivernyr the Charmwright (level 6, -4/47 HPs)
             Began as a Demonspawn Skald on Apr 27, 2018.
             Splashed by Ijyb's acid (15 damage)
             ... on level 3 of the Dungeon.
             The game lasted 00:07:38 (2719 turns).

Ivernyr the Charmwright (Demonspawn Skald)          Turns: 2719, Time: 00:07:39

Health: -4/47      AC:  0    Str: 11    XL:     6   Next: 20%
Magic:  7/9        EV: 17    Int: 14    God:
Gold:   123        SH:  0    Dex: 20    Spells: 4/9 levels left

rFire    . . .     SeeInvis .   a - +1 falchion
rCold    . . .     Gourm    .   (no shield)
rNeg     . . .     Faith    .   b - +0 leather armour
rPois    .         Spirit   .   (no helmet)
rElec    .         Reflect  .   (no cloak)
rCorr    .         Harm     .   j - +0 pair of gloves
MR       .....                  (no boots)
Stlth    +++.......             (no amulet)
HPRegen  0.15/turn              r - ring of flight
MPRegen  0.11/turn              (no ring)

@: agile, singing, corroded
A: powered by death 1, powered by pain 2
a: Evoke Flight


You were on level 3 of the Dungeon.
You were not hungry.

You visited 1 branch of the dungeon, and saw 3 of its levels.

You collected 123 gold pieces.

Inventory:

Hand Weapons
 a - a +1 falchion (weapon)
Missiles
 e - 3 tomahawks of dispersal (quivered)
Armour
 b - a +0 leather armour (worn)
 j - a +0 pair of gloves (worn)
Jewellery
 r - a ring of flight (left hand)
Scrolls
 k - a scroll of remove curse
 m - 3 scrolls of identify {unknown}
 n - a scroll of amnesia
 q - a scroll of teleportation {unknown}
 s - a scroll of enchant armour {unknown}
Potions
 o - a potion of flight {unknown}
 p - a potion of magic {unknown}
Books
 c - a book of Battle

   Spells                             Type                      Level
   a - Infusion                       Charms                       1
   b - Shroud of Golubria             Charms/Translocation         2
   c - Song of Slaying                Charms                       2
   d - Spectral Weapon                Hexes/Charms                 3
   e - Regeneration                   Charms/Necromancy            3
Comestibles
 d - a ration


   Skills:
 + Level 3.4 Fighting
 + Level 3.1 Long Blades
 * Level 3.5 Armour
 - Level 1.7 Dodging
 - Level 2.0 Spellcasting
 + Level 3.7 Charms


You had 4 spell levels left.
You knew the following spells:

 Your Spells              Type           Power        Failure   Level  Hunger
a - Shroud of Golubria    Chrm/Tloc      #.........   22%         2    ###....
b - Song of Slaying       Chrm           ##......     10%         2    ###....
c - Infusion              Chrm           ##..         7%          1    ##.....


Dungeon Overview and Level Annotations

Branches:
Dungeon (3/15)

Altars:

Annotations:
D:3 Ijyb


Innate Abilities, Weirdness & Mutations

You regenerate a little health from kills.
You sometimes gain power by taking damage.


Message History

Your shroud unravels.
Ijyb barely misses you.
You riposte.
You hit Ijyb but do no damage.
Ijyb is lightly wounded.
The goblin barely misses you.
Unknown command.
You hit Ijyb.
Ijyb is moderately wounded.
Ijyb barely misses you. The goblin barely misses you.
You riposte.
You barely miss the goblin.
The goblin is heavily wounded.
You barely miss Ijyb.
Ijyb is moderately wounded.
Ijyb completely misses you. The orc closely misses you.
The goblin hits you with a club.
You closely miss Ijyb.
Ijyb is moderately wounded.
Ijyb zaps a wand.
The bolt of acid hits you!
* * * LOW HITPOINT WARNING * * *
You are splashed with acid!
The acid burns!
You die...

## .# .. #.# #. ..
#. #.# #. ..# #.
..#...
#..#####.###....#.
#....##..#.....).
#.>...##@go#.#
#......##g...# #
#....#..oo..## ..
#........##.# .#...
#......####.#
......##...gg......#
#.......o..#......#
#.......r###......#
#....##....#.....#


You could see Ijyb, 2 orcs and a goblin.

Vanquished Creatures
  Grinder (D:2)
  An orc priest (D:3)
  4 adders (D:2)
  A worm (D:2)
  A dart slug (D:1)
  3 leopard geckos
  2 orcs (D:3)
  11 bats
  6 giant cockroaches
  11 goblins
  3 hobgoblins
  A jackal (D:3)
  5 kobolds
  A frilled lizard (D:1)
  9 rats
60 creatures vanquished.

Vanquished Creatures (others)
  A jackal (D:3)
1 creature vanquished.

Grand Total: 61 creatures vanquished

Notes
Turn   | Place    | Note
-------+----------+-------------------------------------------
     0 | D:1      | Ivernyr the Demonspawn Skald began the quest for the Orb.
     0 | D:1      | Reached XP level 1. HP: 16/16 MP: 3/3
     6 | D:1      | Reached skill level 1 in Armour
    66 | D:1      | Gained mutation: You sometimes gain a little power by taking damage. [demonic ancestry]
    66 | D:1      | Reached XP level 2. HP: 19/22 MP: 5/5
   158 | D:1      | Learned a level 1 spell: Infusion
   161 | D:1      | Learned a level 2 spell: Song of Slaying
   508 | D:1      | Learned a level 2 spell: Shroud of Golubria
   616 | D:1      | Reached XP level 3. HP: 28/28 MP: 6/6
  1026 | D:2      | Reached XP level 4. HP: 11/34 MP: 5/7
  1052 | D:2      | HP: 1/34 [poisoned by an adder]
  2070 | D:3      | Noticed Grinder
  2071 | D:3      | Paralysed by Grinder for 2 turns
  2086 | D:2      | HP: 2/51 [Grinder (5)]
  2087 | D:2      | Killed Grinder
  2087 | D:2      | Gained mutation: You sometimes gain power by taking damage. [demonic ancestry]
  2087 | D:2      | Reached XP level 5. HP: 3/41 MP: 4/8
  2087 | D:2      | Gained mutation: You regenerate a little health from kills. [demonic ancestry]
  2087 | D:2      | Reached XP level 6. HP: 3/47 MP: 4/9
  2529 | D:3      | Noticed Ijyb
  2719 | D:3      | Splashed by Ijyb's acid

Skill      XL: |  1  2  3  4 |
---------------+-------------+-----
Armour         | 1 2 3 |  3.5
Long Blades    | 2 3 |  3.1
Charms         | 3 |  3.7
Fighting       | 3 |  3.4
Dodging        | |  1.7
Spellcasting   | |  2.0

Action                   |  1- 3 |  4- 6 || total
-------------------------+-------+-------++-------
Melee: Falchion          |   108 |    89 ||   197
 Cast: Shroud of Golubri |     3 |     7 ||    10
       Song of Slaying   |       |     3 ||     3
  Use: Scroll            |     4 |       ||     4
       Potion            |       |     5 ||     5
  Eat: Chunk             |     1 |     3 ||     4
       Ration            |       |     1 ||     1
Armor: Leather armour    |    49 |    31 ||    80
Dodge: Dodged            |    97 |    96 ||   193
       Rpst.: Falchion   |    33 |    33 ||    66
